 Dungeon Crawl Stone Soup version 0.32-a0-814-g0968bab981 (webtiles) character file.

Game seed: 12879591507252020494

279776 Savior361 the Warrior (level 20, -9/156 HPs)
             Began as a Coglin Hunter on Mar 21, 2024.
             Was a High Priest of Hepliaklqana.
             Mangled by a vault warden
             ... wielding a +0 war axe
              (31 damage)
             ... on level 1 of the Vaults on Mar 22, 2024.
             The game lasted 01:08:20 (39639 turns).

Savior361 the Warrior (Coglin Hunter)              Turns: 39639, Time: 01:08:21

Health: -9/156     AC: 28    Str: 24    XL:     20   Next: 46%
Magic:  26/26      EV: 23    Int:  8    God:    Hepliaklqana [*****.]
Gold:   3946       SH:  0    Dex: 24    Spells: 19/19 levels left

rFire   + + +        c - +11 orcbow "Geasm" {freeze, Str+4}
rCold   + . .        (shield currently unavailable)
rNeg    . . .        N - +4 fire dragon scales
rPois   +            i - +2 helmet of Okel {rElec rPois Str+5 Int-2}
rElec   +            l - scarf {rC+ rF+}
rCorr   .            o - +0 pair of gloves of Tygaaf {rElec Str+2 Slay+3}
SInv    .            D - +2 pair of boots {Fly}
Will    +....        (amulet unavailable)
Stlth   +            (ring unavailable)
HPRegen 0.46/turn    (ring unavailable)
MPRegen 0.20/turn    P - emergency ramjet {rF+ rC+ Clar RMsl}

%: repel missiles, clarity
@: flying, revved
A: reduced essence, off-hand wielding, slow wielding, warmup strikes, no
jewellery, iridescent scales 1
}: 2/15 runes: decaying, serpentine
a: Renounce Religion, Recall Ancestor, Ancestor Identity, Transference, Idealise


You were on level 1 of the Vaults.
You worshipped Hepliaklqana.
Hepliaklqana was extremely pleased with you.
You visited 8 branches of the dungeon, and saw 35 of its levels.
You also visited: Ossuary, Bailey and Gauntlet.

You collected 4296 gold pieces.
You spent 350 gold pieces at shops.

Inventory:

Hand Weapons
 a - a +2 sling {Latda}
 c - the +11 orcbow "Geasm" (weapon) {freeze, Str+4}
   (You bought it in a shop on level 2 of the Snake Pit)

   Str+4:     It affects your strength (+4).
 d - a +0 sling {Titus}
 e - a +5 orcbow of draining {Suthep}
 h - the +1 hand cannon "Kescheeng" {elec, Str+2 Int+7}
   (You acquired it on level 3 of the Snake Pit)

   Str+2:     It affects your strength (+2).
   Int+7:     It affects your intelligence (+7).
 K - a +2 sling of flaming
Missiles
 B - a throwing net
Armour
 i - the +2 helmet of Okel (worn) {rElec rPois Str+5 Int-2}
   (You acquired it on level 3 of the Dungeon)

   Str+5:     It affects your strength (+5).
   Int-2:     It affects your intelligence (-2).
   rElec:     It insulates you from electricity.
   rPois:     It protects you from poison.
 l - a scarf of resistance (worn)
 o - the +0 pair of gloves of Tygaaf (worn) {rElec Str+2 Slay+3}
   (You acquired it on level 4 of the Swamp)

   Str+2:     It affects your strength (+2).
   Slay+3:    It affects your accuracy & damage with ranged weapons and melee
   (+3).
   rElec:     It insulates you from electricity.
 x - +0 acid dragon scales
 D - a +2 pair of boots of flying (worn)
 N - +4 fire dragon scales (worn)
 R - the +0 cloak of Unreason {Str+4}
   (You found it in a Gauntlet)

   Str+4:     It affects your strength (+4).
 Z - a +0 cloak of willpower
Gizmo
 P - an emergency ramjet (installed) {rF+ rC+ Clar RMsl}
   (You invented it yourself on level 5 of the Lair of Beasts)

   [emergency ramjet]

   rF+:       It protects you from fire.
   rC+:       It protects you from cold.
   Clar:      It protects you from confusion, rage, mesmerisation and fear.
   RMsl:      It protects you from missiles.
Wands
 j - a wand of flame (55)
 m - a wand of paralysis (44)
 G - a wand of digging (25)
 H - a wand of polymorph (14)
 L - a wand of mindburst (14)
 V - a wand of roots (51)
 Y - a wand of quicksilver (33)
Scrolls
 b - 2 scrolls of butterflies
 g - 6 scrolls of immolation
 r - 9 scrolls of enchant weapon
 s - 5 scrolls of blinking
 t - 3 scrolls of fog
 u - 6 scrolls of amnesia
 v - 29 scrolls of identify
 w - 3 scrolls of vulnerability
 y - 8 scrolls of poison
 I - 2 scrolls of silence
 J - 2 scrolls of teleportation
 O - 4 scrolls of fear
 U - 2 scrolls of brand weapon
 W - a scroll of revelation
 X - a scroll of torment
Potions
 f - 4 potions of heal wounds
 k - 5 potions of lignification
 n - 6 potions of haste
 p - 2 potions of resistance {unknown}
 q - 4 potions of enlightenment
 z - 10 potions of magic
 A - 3 potions of invisibility
 C - 2 potions of brilliance
 E - 3 potions of attraction
 F - 13 potions of curing
 M - 9 potions of mutation
 Q - a potion of might


   Skills:
 + Level 19.4 Fighting
 - Level 16.0 Ranged Weapons
 + Level 14.5 Armour
 + Level 17.9 Dodging
 - Level 0.7 Stealth
 - Level 8.0 Invocations


You had 19 spell levels left.
You didn't know any spells.
Your spell library contained the following spells:

 Spells                   Type           Power      Damage    Failure   Level
 Apportation              Tloc           0%         N/A       67%         1
 Foxfire                  Conj/Fire      0%         2x1d4     67%         1
 Kiss of Death            Conj/Necr      0%         2d5       67%         1
 Magic Dart               Conj           0%         1d3       67%         1
 Necrotise                Necr           0%         1d4       67%         1
 Slow                     Hex            0%         N/A       67%         1
 Sting                    Conj/Alch      0%         1d3       67%         1
 Summon Small Mammal      Summ           0%         N/A       67%         1
 Ensorcelled Hibernation  Hex/Ice        0%         N/A       80%         2
 Jinxbite                 Hex            0%         N/A       80%         2
 Mercury Vapours          Alch/Air       0%         N/A       80%         2
 Searing Ray              Conj           0%         2d4       80%         2
 Call Canine Familiar     Summ           0%         N/A       95%         3
 Confusing Touch          Hex            0%         N/A       95%         3
 Dazzling Flash           Conj/Hex       0%         N/A       95%         3
 Fugue of the Fallen      Necr           0%         N/A       95%         3
 Inner Flame              Hex/Fire       0%         N/A       95%         3
 Mephitic Cloud           Conj/Alch/Air  0%         N/A       95%         3
 Ozocubu's Armour         Ice            0%         N/A       95%         3
 Stone Arrow              Conj/Erth      0%         3d7       95%         3
 Swiftness                Air            0%         N/A       95%         3
 Tukima's Dance           Hex            0%         N/A       95%         3
 Vampiric Draining        Necr           0%         2d6       95%         3
 Anguish                  Hex/Necr       0%         N/A       100%        4
 Animate Armour           Summ/Erth      0%         N/A       100%        4
 Animate Dead             Necr           0%         N/A       100%        4
 Cause Fear               Hex            0%         N/A       100%        4
 Dimensional Bullseye     Hex/Tloc       0%         N/A       100%        4
 Dispel Undead            Necr           0%         3d6       100%        4
 Flame Wave               Conj/Fire      0%         2d4       100%        4
 Fulminant Prism          Conj/Alch      0%         3d5       100%        4
 Iskenderun's Mystic Bla  Conj/Tloc      0%         2d3       100%        4
 Leda's Liquefaction      Alch/Erth      0%         N/A       100%        4
 Manifold Assault         Tloc           0%         N/A       100%        4
 Petrify                  Alch/Erth      0%         N/A       100%        4
 Sticky Flame             Fire/Alch      0%         2d4       100%        4
 Summon Blazeheart Golem  Fire/Summ      0%         N/A       100%        4
 Summon Lightning Spire   Summ/Air       0%         N/A       100%        4
 Curse of Agony           Necr           0%         N/A       100%        5
 Irradiate                Conj/Alch      0%         3d11      100%        5
 Metabolic Englaciation   Hex/Ice        0%         N/A       100%        5
 Silence                  Hex/Air        0%         N/A       100%        5
 Yara's Violent Unravell  Hex/Alch       0%         3d3       100%        5
 Conjure Ball Lightning   Conj/Air       0%         3x3d6     100%        6
 Permafrost Eruption      Ice/Erth       0%         2x4d2     100%        6
 Enfeeble                 Hex            0%         N/A       100%        7
 Ozocubu's Refrigeration  Ice            0%         4d7       100%        7
 Discord                  Hex            0%         N/A       100%        8
 Disjunction              Tloc           0%         N/A       100%        8
 Ignition                 Fire           0%         3d3       100%        8
 Lehudib's Crystal Spear  Conj/Erth      0%         10d2      100%        8
 Maxwell's Capacitive Co  Air            0%         ∞         100%        8


Dungeon Overview and Level Annotations

Branches:
Dungeon (15/15)            Temple (1/1) D:6            Lair (5/5) D:9
  Swamp (4/4) Lair:3        Snake (4/4) Lair:2        Slime (0/5) Lair:5
    Orc (2/2) D:11            Elf (3/3) Orc:2        Vaults (1/5) D:14
 Depths (0/4) D:15        Ossuary (visited)          Bailey (visited)
Gauntlet (visited)

Altars:
Ashenzari
Cheibriados
Dithmenos
Elyvilon
Fedhas
Gozag
Hepliaklqana
Kikubaaqudgha
Makhleb
Nemelex Xobeh
Okawaru
Qazlal
Ru
Sif Muna
Trog
Uskayaw
Vehumet
Wu Jian
Xom
Yredelemnul
Zin
The Shining One
Beogh
Jiyva

Shops:
D:9 :(   Orc:2 [[:(   Elf:1 ?   Elf:2 :(   Elf:3 (   Snake:2 (((   Snake:4 =:=
Vaults:1 =

Annotations:
D:6 1 runed translucent door, Crazy Yiuf
D:7 2 transporters, exclusion: oklob plant, zenocrate's ghost, novice OpEE


Innate Abilities, Weirdness & Mutations

Your life essence is reduced to manifest your ancestor. (-10% HP)
You can wield a second weapon in your off-hand.
It takes a long time for you to wield or remove held weapons.
Your first few attacks do less damage.
You cannot equip rings or amulets.
You are partially covered in iridescent scales. (AC +2)


Message History

The ironbound preserver mumbles some strange words.
The ironbound preserver is healed somewhat.
The yaktaur unwields a +0 arbalest.
The yaktaur completely misses you.
You shoot an arrow. The arrow hits the yaktaur!
The arrow freezes the yaktaur.
The yaktaur is severely wounded.
The vault warden activates a sealing rune.
The yaktaur hits you.
You shoot an arrow. The arrow hits the yaktaur!!
The arrow freezes the yaktaur.
You kill the yaktaur!
You shoot an arrow. The arrow hits the ironbound preserver!
The arrow freezes the ironbound preserver.
The ironbound preserver is severely wounded.
The ironbound preserver hits you with a +0 great mace!
You are too injured to fight recklessly!
You are too injured to fight recklessly!
You are too injured to fight recklessly!
You shoot an arrow.
The arrow hits the ironbound preserver!!
The arrow freezes the ironbound preserver!
The ironbound preserver is almost dead.
You shoot an arrow. The vault warden blocks the arrow.
You shoot an arrow.
The arrow hits the ironbound preserver!!
The arrow freezes the ironbound preserver.
You kill the ironbound preserver!
The vault warden activates a sealing rune.
You shoot an arrow. The vault warden blocks the arrow.
The vault warden hits you with a +0 war axe!!
* * * LOW HITPOINT WARNING * * *
You shoot an arrow. The arrow hits the vault warden!!
The arrow freezes the vault warden!
The vault warden is heavily wounded.
The vault warden hits you with a +0 war axe!!
* * * LOW HITPOINT WARNING * * *
You shoot an arrow. The arrow hits the vault warden!!
The arrow freezes the vault warden!
The vault warden is almost dead.
The vault warden hits you with a +0 war axe!!
You die...
Hepliaklqana delivers you to your ancestors.

#'#####...# ..####
..........# ..#..
..........# ..+.
..........# ..+
..........########..#
....^.....+......#.)#####
..........+......#).....}
..........+.....)p)......
..........#.....@########
..........#..>...#
###########......+
#......# #......#
#......# ########


You could see a vault warden (strong).

Vanquished Creatures
  Bai Suzhen (Swamp:4)
  Nikola (Snake:1)
  Jorgrun (Orc:2)
  Rupert (D:13)
  2 deep elf blademasters (Elf:3)
  The ghost of Veceraphext the Warrior, an adept CoAr of Uskayaw (Snake:2)
  Agnes (Elf:2)
  Aizul (Snake:4)
  6 nagarajas
  2 fenstrider witches
  3 deep elf elementalists
  4 deep elf sorcerers (Elf:3)
  2 vault wardens (Vaults:1)
  A ghoul (Swamp:4)
  2 ironbound preservers (Vaults:1)
  A dire elephant (D:15)
  3 deep elf demonologists (Elf:3)
  4 eleionomae
  4 deep elf death magi
  A minotaur (Gauntlet)
  4 deep elf annihilators (Elf:3)
  A bunyip (Swamp:1)
  4 deep elf high priests (Elf:3)
  2 shambling mangroves (Swamp:4)
  The ghost of audacious124 the Cleaver, a journeyman MDFi of Okawaru (Lair:1)
  2 ghost crabs
  17 hydras
  6 alligators
  3 ogre magi
  6 anacondas
  6 boulder beetles
  2 centaur warriors (D:12)
  18 dancing weapons
  A catoblepas (Lair:3)
  13 two-headed ogres
  6 death yaks
  6 naga sharpshooters
  A thrashing horror (Gauntlet)
  10 naga warriors
  5 shock serpents
  9 deep elf knights
  A fire crab (Lair:5)
  An iron troll (Orc:2)
  2 salamander mystics
  A wretched star (Gauntlet)
  2 goliath frogs (Swamp:3)
  4 spriggan druids
  2 sea snakes (Snake:1)
  2 lindwurms (Swamp:4)
  5 naga ritualists
  9 mana vipers
  Pikel (D:8)
  3 bog bodies
  A thermic dynamo (Elf:3)
  6 swamp dragons
  4 ironbound convokers (Vaults:1)
  4 deep trolls
  2 deep elf archers
  A swamp dragon (shapeshifter) (D:12)
  2 phantasmal warriors (Snake:4)
  14 deep elf pyromancers
  A wolf spider (D:13)
  6 manticores
  An orc knight (Bailey)
  4 will-o-the-wisps
  24 deep elf zephyrmancers
  9 salamanders
  5 cyclopes
  3 elephants (Lair:5)
  9 ugly things
  3 meliai (D:15)
  A water nymph (D:15)
  2 kobold blastminers (Orc:1)
  A vault sentinel (Vaults:1)
  30 black mambas
  A guardian serpent (Snake:1)
  14 naga magi
  3 molten gargoyles (Lair:5)
  Maggie (D:7)
  5 rime drakes
  7 cane toads
  5 gargoyles (D:12)
  An unseen horror (D:12)
  An efreet (D:15)
  9 komodo dragons
  10 yaktaurs
  6 trolls
  6 tyrant leeches
  A blink frog (shapeshifter) (D:14)
  4 polar bears
  Prince Ribbit (D:8)
  11 dream sheep
  5 hornets
  8 blink frogs
  7 slime creatures
  A shadow (D:12)
  3 air elementals
  3 spriggans
  6 wyverns
  A vampire (D:9)
  5 water elementals
  5 basilisks
  3 wraiths
  7 fire elementals
  45 yaks
  A human (shapeshifter) (D:14)
  A neqoxec (Gauntlet)
  A steam dragon (Lair:5)
  10 vampire mosquitoes
  Menkaure (D:6)
  10 swamp worms
  Edmund (D:6)
  4 small abominations (Gauntlet)
  29 nagas
  Duvessa (D:6)
  14 water moccasins
  4 acid dragons
  6 hell hounds
  23 orc warriors
  4 ice beasts
  A sky beast (D:7)
  4 black bears
  4 swamp drakes (Swamp:4)
  3 wolves (D:9)
  3 boggarts
  18 ogres
  A phantom (D:6)
  2 centaurs
  2 lemures (D:8)
  Blork the orc (D:6)
  3 kobold brigands
  A gnoll sergeant (D:12)
  11 bullfrogs
  2 earth elementals
  8 scorpions
  Dowan (D:6)
  6 killer bees (D:9)
  2 electric eels
  4 howler monkeys
  5 lava snakes (Lair:5)
  4 centaur zombies (Ossuary)
  10 orc priests
  2 hounds
  4 human zombies (Ossuary)
  A sleepcap (D:4)
  2 scorpion zombies (Ossuary)
  4 hell rats (Lair:1)
  2 iguanas
  3 scrub nettles (Lair:3)
  14 orc wizards
  Natasha (thrice) (D:2)
  3 mummies (Ossuary)
  7 adders
  A shadow imp (D:8)
  3 white imps
  2 ufetubi (D:6)
  An adder zombie (Ossuary)
  3 dart slugs
  76 orcs
  6 ball pythons
  2 bats
  4 endoplasms
  3 giant cockroaches (D:1)
  3 gnoll zombies (Ossuary)
  3 hobgoblins
  10 jackals
  4 quokkas
  2 ball python zombies (Ossuary)
  2 frilled lizards
  10 goblins
  15 kobolds
  6 rats
923 creatures vanquished.

Vanquished Creatures (collateral kills)
  A tentacled monstrosity (Swamp:3)
  Mlioglotl (Snake:2)
  A deep elf master archer (Elf:3)
  Roxanne (Snake:1)
  Donald (Snake:1)
  Louise (Elf:3)
  A deep elf elementalist (Elf:1)
  An ironbound thunderhulk (Vaults:1)
  2 deep elf annihilators (Elf:3)
  2 eleionomae
  Azrael (D:14)
  2 bunyips
  A fire dragon (Lair:5)
  A ghost crab (Swamp:3)
  4 alligators
  8 hydras
  2 anacondas
  5 centaur warriors
  6 dancing weapons (Elf:2)
  A two-headed ogre (Orc:2)
  5 naga warriors
  A tengu warrior (D:14)
  Urug (D:11)
  5 deep elf knights
  7 naga sharpshooters
  A death drake (shapeshifter) (D:14)
  A fire crab (Lair:5)
  2 goliath frogs
  A spriggan druid (Swamp:4)
  3 mana vipers
  3 swamp dragons (Swamp:4)
  2 bog bodies
  A lindwurm (Swamp:4)
  A naga ritualist (Snake:4)
  A phantasmal warrior (Snake:4)
  A deep elf archer (Elf:3)
  6 deep elf pyromancers
  2 deep elf zephyrmancers (Elf:2)
  A manticore (D:10)
  4 will-o-the-wisps
  A shining eye (shapeshifter) (D:14)
  An ugly thing (D:15)
  An elephant (Lair:5)
  3 meliai (D:15)
  2 naga magi (Snake:4)
  9 black mambas
  A gargoyle (D:12)
  4 cane toads
  2 rime drakes
  Jeremiah (D:7)
  3 yaktaurs
  An efreet (D:13)
  A freezing wraith (D:12)
  2 komodo dragons
  7 trolls
  2 tyrant leeches
  3 hornets
  6 dream sheep
  2 blink frogs (Lair:4)
  2 slime creatures (D:13)
  A spriggan (Swamp:1)
  A wraith (D:13)
  A wyvern (Lair:5)
  2 water elementals
  2 basilisks (Lair:1)
  4 yaks
  A steam dragon (D:9)
  A fire elemental (D:14)
  6 vampire mosquitoes
  8 nagas
  2 hell hounds (D:14)
  5 water moccasins
  A swamp drake (Swamp:4)
  3 orc warriors
  2 ice beasts (D:9)
  A sky beast (D:7)
  An ogre (Orc:1)
  4 boggarts
  2 wolves
  A centaur (D:10)
  2 lemures (D:8)
  A bullfrog (Lair:1)
  2 orc wizards
  A hell rat (Lair:1)
  9 orcs
210 creatures vanquished.

Vanquished Creatures (others)
  A deep elf master archer (Elf:3)
  An alligator (Swamp:1)
  A deep elf knight (Elf:1)
  A swamp dragon (Swamp:2)
  4 bloated husks
  A naga (Snake:1)
  3 ancestors
  27 knights
  An orc (D:7)
  18 foxfires
  4 starspawn tentacles (Snake:2)
62 creatures vanquished.

Grand Total: 1195 creatures vanquished

Notes
Turn   | Place    | Note
-------+----------+-------------------------------------------
     0 | D:1      | Savior361 the Coglin Hunter began the quest for the Orb.
     0 | D:1      | Reached XP level 1. HP: 16/16 MP: 1/1
   214 | D:1      | Reached XP level 2. HP: 22/22 MP: 2/2
   619 | D:1      | Reached XP level 3. HP: 27/27 MP: 3/3
   959 | D:2      | Noticed Natasha
   964 | D:2      | Killed Natasha
   965 | D:2      | Reached skill level 5 in Ranged Weapons
   965 | D:2      | Reached XP level 4. HP: 23/33 MP: 4/4
  1023 | D:2      | Noticed Natasha
  1026 | D:2      | Killed Natasha
  1173 | D:2      | Noticed Natasha
  1177 | D:2      | Killed Natasha
  1178 | D:2      | Reached XP level 5. HP: 38/38 MP: 5/5
  1642 | D:3      | Identified the +2 dagger of Day {speed, *Corrode rF+ rN++
                  | Dex+3}
  1894 | D:3      | Identified a scroll of acquirement
  1894 | D:3      | Acquired the +2 helmet of Okel {rElec rPois Str+5 Int-2}
  2028 | D:4      | Reached XP level 6. HP: 42/44 MP: 6/6
  2069 | D:4      | Reached skill level 1 in Armour
  2352 | D:4      | Reached XP level 7. HP: 43/51 MP: 7/7
  2721 | D:4      | Reached skill level 3 in Fighting
  2744 | D:5      | Entered Level 5 of the Dungeon
  2791 | D:5      | Found a sand-covered staircase.
  2796 | Ossuary  | Entered an ossuary
  3100 | Ossuary  | Reached XP level 8. HP: 28/60 MP: 8/8
  3415 | Ossuary  | Reached skill level 4 in Fighting
  4179 | D:6      | Noticed Menkaure
  4185 | D:6      | Killed Menkaure
  4249 | D:6      | Found a runed translucent door.
  4250 | D:6      | Noticed Crazy Yiuf
  4338 | D:6      | Reached XP level 9. HP: 25/66 MP: 9/9
  4493 | D:6      | Found a staircase to the Ecumenical Temple.
  4506 | Temple   | Entered the Ecumenical Temple
  4522 | Temple   | Became a worshipper of Hepliaklqana the Forgotten
  4562 | D:6      | Reached skill level 5 in Fighting
  4739 | D:6      | Noticed Duvessa
  4744 | D:6      | Noticed Dowan
  4751 | D:6      | Killed Duvessa
  4751 | D:6      | Noticed Edmund
  4754 | D:6      | Killed Dowan
  4766 | D:6      | Killed Edmund
  4786 | D:6      | Reached skill level 5 in Dodging
  5150 | D:6      | Noticed Blork the orc
  5155 | D:6      | Killed Blork the orc
  5454 | D:7      | Found a transporter.
  5454 | D:7      | Found a transporter.
  5475 | D:7      | Noticed zenocrate's ghost (novice OpEE)
  5489 | D:7      | Noticed an oklob plant
  5531 | D:7      | Noticed Maggie
  5549 | D:7      | Killed Maggie
  5550 | D:7      | Reached skill level 6 in Fighting
  5550 | D:7      | Reached skill level 5 in Armour
  5550 | D:7      | Reached XP level 10. HP: 37/76 MP: 10/10
  5744 | D:7      | Reached * piety under Hepliaklqana
  6072 | D:7      | Noticed Jeremiah
  6089 | D:7      | Killed Jeremiah
  6090 | D:7      | Reached skill level 10 in Ranged Weapons
  6198 | D:8      | Found a blossoming altar of Fedhas.
  6209 | D:8      | Noticed Prince Ribbit
  6213 | D:8      | Killed Prince Ribbit
  6553 | D:8      | Noticed a two-headed ogre
  6558 | D:8      | Killed a two-headed ogre
  6559 | D:8      | Reached skill level 7 in Fighting
  6846 | D:8      | Found a flagged portal.
  6863 | Bailey   | Entered a bailey
  6935 | Bailey   | Noticed an orc knight
  6961 | Bailey   | Killed an orc knight
  7051 | Bailey   | Reached XP level 11. HP: 75/75 MP: 11/11
  7282 | D:8      | Noticed Pikel
  7296 | D:8      | Killed Pikel
  7517 | D:8      | Reached ** piety under Hepliaklqana
  7518 | D:8      | Remembered your ancestor Yuki as a knight
  7553 | D:9      | Found Koaruvali's Vocational Training.
  7899 | D:9      | Reached skill level 8 in Fighting
  8397 | D:9      | Found a staircase to the Lair.
  8421 | D:9      | Found Orrom's Weapon Shop.
  8833 | D:10     | Entered Level 10 of the Dungeon
  9395 | D:10     | Reached *** piety under Hepliaklqana
  9524 | D:10     | Noticed a manticore
  9531 | D:10     | Killed a manticore
  9577 | D:10     | Got the Book of Earth
  9735 | D:11     | Found a roughly hewn altar of Beogh.
  9735 | D:11     | Found a staircase to the Orcish Mines.
  9751 | D:11     | Reached XP level 12. HP: 43/84 MP: 12/12
  9753 | D:11     | Reached skill level 9 in Fighting
 10208 | D:11     | Noticed Urug
 10214 | D:11     | Killed Urug
 10444 | D:11     | Noticed a boulder beetle
 10451 | D:11     | Killed a boulder beetle
 10836 | Lair:1   | Entered Level 1 of the Lair of Beasts
 11378 | Lair:1   | Acquired a +2 sling of flaming
 11526 | Lair:1   | Reached skill level 10 in Fighting
 11649 | Lair:1   | Found a runed translucent gate.
 11649 | Lair:1   | Found a runed translucent gate.
 11649 | Lair:1   | Found a runed translucent gate.
 11681 | Lair:1   | Noticed audacious124's ghost (journeyman MDFi)
 11869 | Lair:1   | Killed audacious124's ghost
 11979 | Lair:2   | Reached **** piety under Hepliaklqana
 11988 | Lair:2   | Reached XP level 13. HP: 89/93 MP: 13/13
 12218 | Lair:2   | Found a staircase to the Snake Pit.
 12843 | Lair:3   | Reached skill level 10 in Dodging
 13052 | Lair:3   | Reached skill level 11 in Fighting
 13176 | Lair:3   | Reached skill level 15 in Ranged Weapons
 13695 | Lair:3   | Found a staircase to the Swamp.
 13998 | Lair:4   | Reached ***** piety under Hepliaklqana
 14583 | Lair:4   | You are sucked into a shaft and drop 1 floor!
 14583 | Lair:5   | Entered Level 5 of the Lair of Beasts
 14620 | Lair:5   | Reached XP level 14. HP: 67/101 MP: 12/14
 14622 | Lair:5   | Acquired an emergency ramjet {rF+ rC+ Clar RMsl}
 14865 | Lair:5   | Found a staircase to the Slime Pits.
 14866 | Lair:5   | Found a viscous altar of Jiyva.
 15250 | Lair:4   | Reached skill level 12 in Fighting
 16433 | Lair:5   | Reached skill level 13 in Fighting
 16520 | Lair:5   | Found a large runed translucent door.
 16520 | Lair:5   | Found a large runed translucent door.
 17018 | Orc:1    | Entered Level 1 of the Orcish Mines
 17269 | Orc:2    | Entered Level 2 of the Orcish Mines
 17299 | Orc:2    | Noticed Jorgrun
 18017 | Orc:1    | Reached XP level 15. HP: 58/111 MP: 15/15
 18222 | Orc:2    | Killed Jorgrun
 18626 | Orc:2    | Reached skill level 14 in Fighting
 18627 | Orc:2    | Found Deylla's Antique Armour Emporium.
 18628 | Orc:2    | Found Foilos's Book Shoppe.
 18629 | Orc:2    | Found Utanaxetod's Weapon Shop.
 18691 | Orc:2    | Found Mugit's Armour Shoppe.
 18848 | Orc:2    | Found a staircase to the Elven Halls.
 19541 | D:12     | Reached ****** piety under Hepliaklqana
 20085 | D:12     | Gained mutation: You are partially covered in iridescent
                  | scales. (AC +2) [potion of mutation]
 20125 | D:12     | Reached skill level 1 in Invocations
 20578 | D:13     | Noticed Rupert
 20587 | D:13     | Killed Rupert
 20851 | D:13     | Upgraded the game from 0.32-a0-791-gfc315c9ecd to
                  | 0.32-a0-814-g0968bab981
 21160 | D:14     | Found a gate leading to a gauntlet.
 21166 | Gauntlet | Entered a Gauntlet
 21166 | Gauntlet | Found a transporter.
 21193 | Gauntlet | Found a transporter.
 21212 | Gauntlet | Found a transporter.
 21214 | Gauntlet | Found a transporter.
 21235 | Gauntlet | Found a transporter.
 21248 | Gauntlet | Found a transporter.
 21261 | Gauntlet | Found a transporter.
 21288 | Gauntlet | Found a transporter.
 21288 | Gauntlet | Found a transporter.
 21294 | Gauntlet | Found a transporter.
 21317 | Gauntlet | Found a transporter.
 21321 | Gauntlet | Found a transporter.
 21355 | Gauntlet | Found a runed translucent door.
 21409 | Gauntlet | Identified the +0 cloak of Unreason {Str+4}
 21438 | Gauntlet | Reached XP level 16. HP: 84/120 MP: 17/17
 21562 | Gauntlet | Identified the ring "Niliot" {rElec Str+4 Int+6}
 21579 | Gauntlet | Got the Cyclopedia of the Wicked Chill
 21656 | D:14     | Noticed Azrael
 21677 | D:14     | Killed Azrael
 21860 | D:14     | Found a shimmering altar of Xom.
 21878 | D:14     | Found a gate to the Vaults.
 22506 | D:15     | Entered Level 15 of the Dungeon
 22847 | D:15     | Reached skill level 15 in Fighting
 23267 | D:15     | Found a staircase to the Depths.
 23614 | Swamp:1  | Entered Level 1 of the Swamp
 23626 | Swamp:1  | Noticed a fenstrider witch
 23865 | Lair:3   | Killed a fenstrider witch
 24608 | Swamp:1  | Reached skill level 5 in Invocations
 25002 | Swamp:2  | Identified the +4 halberd "Bemiyr" {speed, +Blink rF+
                  | Int-3}
 25143 | Swamp:2  | Found a blossoming altar of Fedhas.
 25885 | Swamp:3  | Reached XP level 17. HP: 112/117 MP: 21/21
 26452 | Snake:1  | Entered Level 1 of the Snake Pit
 26472 | Snake:1  | Identified the ring of the Tempest {rElec Will+ Str+3 Int-3
                  | Stlth+}
 26615 | Snake:1  | Reached skill level 10 in Armour
 26657 | Snake:1  | Noticed Donald
 26665 | Snake:1  | Killed Donald
 26760 | Snake:1  | Noticed Nikola
 27087 | Snake:1  | Noticed Roxanne
 27098 | Snake:1  | Reached skill level 16 in Fighting
 27118 | Snake:1  | Killed Roxanne
 27306 | Snake:1  | Killed Nikola
 28817 | Snake:2  | Noticed Mlioglotl
 28823 | Snake:2  | Noticed a tentacled starspawn
 28844 | Snake:2  | Killed Mlioglotl
 29097 | Snake:2  | Found Xuakhumi's Antique Weapon Shoppe.
 29099 | Snake:2  | Found Hoilum's Weapon Emporium.
 29101 | Snake:2  | Found Vioqior's Weapon Shoppe.
 29113 | Snake:2  | Bought a translucent orcbow for 238 gold pieces
 29113 | Snake:2  | Identified the +11 orcbow "Geasm" {freeze, Str+4} (You
                  | bought it in a shop on level 2 of the Snake Pit)
 29132 | Snake:2  | Found a runed translucent door.
 29132 | Snake:2  | Noticed Veceraphext's ghost (adept CoAr)
 29357 | Snake:2  | Reached skill level 15 in Dodging
 29656 | Snake:2  | Killed Veceraphext's ghost
 30705 | Snake:3  | Acquired 553 gold pieces
 30715 | Snake:3  | Acquired the +1 hand cannon "Kescheeng" {elec, Str+2 Int+7}
 30920 | Snake:4  | Entered Level 4 of the Snake Pit
 31072 | Snake:4  | Identified the serpent talisman "Pedoaw" {Dex+7}
 31072 | Snake:4  | Noticed Aizul
 31256 | Snake:4  | Killed Aizul
 31266 | Snake:4  | Reached XP level 18. HP: 137/137 MP: 23/23
 31549 | Snake:4  | Found Xinuz's Jewellery Shop.
 31549 | Snake:4  | Found Maazoz's Book Emporium.
 31550 | Snake:4  | Found Koxzoesm's Jewellery Shop.
 31852 | Snake:4  | Paralysed by a naga mage for 3 turns
 31863 | Snake:4  | Reached skill level 17 in Fighting
 32082 | Snake:4  | Got a serpentine rune of Zot
 32517 | Swamp:4  | Entered Level 4 of the Swamp
 32918 | Swamp:4  | Noticed Bai Suzhen
 33107 | Swamp:4  | Killed Bai Suzhen
 33134 | Swamp:4  | Noticed a tentacled monstrosity
 33223 | Swamp:3  | Killed a tentacled monstrosity
 33529 | Swamp:4  | Reached XP level 19. HP: 141/146 MP: 25/25
 33562 | Swamp:4  | Got a decaying rune of Zot
 33595 | Swamp:4  | Acquired the +0 pair of gloves of Tygaaf {rElec Str+2
                  | Slay+3}
 34193 | Elf:1    | Entered Level 1 of the Elven Halls
 34216 | Elf:1    | Found a radiant altar of Vehumet.
 34319 | Elf:1    | Reached skill level 18 in Fighting
 34356 | Elf:1    | Found Iboedom's Magic Scroll Boutique.
 34375 | Elf:1    | Bought a scroll of enchant armour for 112 gold pieces
 35363 | Elf:2    | Found Roitutos's Antique Weapon Boutique.
 35556 | Elf:2    | Found a runed translucent gate.
 35557 | Elf:2    | Found a runed translucent gate.
 35557 | Elf:2    | Found a runed translucent gate.
 35672 | Elf:2    | Found Odent's Book Boutique.
 35829 | Elf:2    | Noticed Agnes
 36265 | Elf:2    | Killed Agnes
 36706 | Elf:3    | Entered Level 3 of the Elven Halls
 36854 | Elf:3    | Found Cydd's Antique Weapon Shop.
 37112 | Elf:3    | Noticed a Hell Sentinel
 37469 | Elf:3    | Reached XP level 20. HP: 107/154 MP: 20/26
 37576 | Elf:3    | Identified the +7 flail "Nolyodghadgh" {freeze, MP+9 Int+2}
 37695 | Elf:3    | Paralysed by an air elemental for 1 turns
 37706 | Elf:3    | Reached skill level 19 in Fighting
 37943 | Elf:3    | Identified the ring of Wetaeru {rF- rN++ Will++ EV+5}
 37943 | Elf:3    | Noticed Louise
 38373 | Elf:3    | Killed Louise
 38401 | Elf:3    | Got the Book of Red-Hot Air
 38484 | Elf:3    | Got the Quarto of the Squall
 38731 | Elf:3    | Noticed a Tzitzimitl
 39318 | Vaults:1 | Entered Level 1 of the Vaults
 39423 | Vaults:1 | Found Husaym's Jewellery Shop.
 39639 | Vaults:1 | Mangled by a vault warden

Illustrated notes

Levels and vault maps discovered:
D:1:      matt_arrival_debris, layout_loops_ring
D:2:      layout_rooms, serial_forest, infiniplex_forest_end_2,
          infiniplex_forest_lined_4_way, infiniplex_forest_lined_room_,
          infiniplex_forest_clump_C, infiniplex_forest_end_1,
          infiniplex_forest_lined_2, infiniplex_forest_clump_diagonal,
          uniq_natasha
D:3:      layout_rooms, minivault_26, kennysheep_generic_room_7
D:4:      layout_loops_ring
D:5:      layout_loops_ring, enter_ossuary_2
D:6:      layout_loops_ring, minmay_temple_entry_sparse_star,
          amcnicky_mini_pool_small, kb_rosetta, uniq_crazy_yiuf_cottage,
          uniq_blork_the_orc, uniq_menkaure, uniq_duvessa, uniq_edmund
D:7:      layout_rooms, nzn_ghost_randoct, lemuel_flamethrower_1, uniq_maggie,
          uniq_jeremiah
D:8:      layout_layer_cave, kennysheep_mini_moat, enter_bailey_5,
          uniq_prince_ribbit1, uniq_pikel
D:9:      layout_basic, hellmonk_lair_entry_icy, serial_shops,
          nicolae_shop_hallway_plus, minmay_misc_feat_more_columns,
          chequers_serial_rivers_micro_b, nicolae_shop_vocational
D:10:     layout_cave_pools
D:11:     layout_rooms, david_orc_5, fungi_pond_lemuel, st_stairs_5,
          nicolae_houndstooth_variations, uniq_urug
D:12:     minmay_quarter_circles, layout_irregular_city
D:13:     layout_rooms, serial_rivers, chequers_serial_rivers_micro_a,
          chequers_serial_rivers_micro_b, chequers_serial_rivers_small_a,
          chequers_serial_rivers_micro_e, chequers_serial_rivers_micro_c,
          chequers_serial_rivers_micro_c, kennysheep_nondescript,
          minmay_variable_closet, kennysheep_dice, uniq_rupert
D:14:     layout_basic, david_vaults_2, gauntlet_entry_generic, drop_trap,
          xom_teletrap_fun, uniq_azrael
D:15:     hangedman_depths_entry_try_elsewhere_first, layout_irregular_city,
          minmay_misc_feat_diagonals, serial_bayou_pond_e
Temple:   compressed_dpeg_circular_temple
Lair:1:   layout_misc_corridors, ebering_ghost_rock_garden, grunt_megastairs_4,
          lemuel_fruit_tree, infiniplex_staircase_pool
Lair:2:   layout_loops_ring, minmay_snake_entry_six_corridors,
          grunt_megastairs_5
Lair:3:   layout_regular_city, mainiacjoe_swamp_entry_angry_trees,
          evilmike_ambush [evilmike_ambush_outer_pillars,
          evilmike_ambush_inner_wall_2], infiniplex_staircase_pool_2
Lair:4:   wander_river, layout_cave_pods
Lair:5:   cheibrodos_lair_end_hotspot, layout_long_grid, dpeg_slime_entry_corner
Swamp:1:  layout_falls_marsh, evilmike_swamp_ruin_house_2, swamp_pool_1_2,
          nicolae_swamp_bean_lake
Swamp:2:  layout_falls_marsh, nicolae_swamp_godswood, swamp_pool_3
Swamp:3:  layout_basic_swamp, nicolae_swamp_trees_clearing
Swamp:4:  swamp_alternative, layout_basic_swamp, uniq_bai_suzhen
Snake:1:  layout_chambers, serial_bayou_crossing, serial_bayou_shore_a,
          uniq_roxanne, uniq_nikola, uniq_donald
Snake:2:  layout_misc_corridors, gammafunk_ghost_grave, minmay_shop_star,
          serial_bayou_shore_b, uniq_mlioglotl
Snake:3:  layout_misc_corridors
Snake:4:  snake_pit, layout_cave_town, nicolae_snake_ghostly_warrior_ritual,
          minmay_shop_grove, uniq_aizul
Orc:1:    layout_caves, serial_shops, nicolae_shop_pleasant_corner_grove,
          nicolae_shop_overcharged_wands
Orc:2:    st_orc_open, layout_caves, uniq_jorgrun
Elf:1:    eino_elf_arrival_altar, layout_loops_corners, serial_shops, shop,
          guppyfry_library_mini, drop_trap
Elf:2:    nicolae_elf_blades_crystal_corner, layout_geoelf_octagon,
          serial_shops, nicolae_shop_hallway_plus, shop_statue, uniq_agnes
Elf:3:    grunt_elf_hall_branching, layout_geoelf_diagonals, serial_shops, shop,
          uniq_louise
Vaults:1: ontoclasm_vaults_ligature, nicolae_vaults_oval_intersection,
          ontoclasm_vaults_ring_square, nicolae_vaults_closet_pinwheel_5,
          nicolae_vaults_sesquioval_fish, nicolae_vaults_offset_grid_hallway_4,
          vaults_room_semicircle, nicolae_vaults_closet_pinwheel_4,
          ontoclasm_vaults_misaligned, vaults_room_door_hall, st_more_cells,
          v_misc_10, hangedman_vaults_impose, nicolae_vaults_little_squares_5,
          nicolae_vaults_lightning_bolt, vaults_dpeg_ring,
          nicolae_vaults_six-pack, layout_vaults_omnicross, serial_shops,
          nicolae_shop_gaudy_bauble

Skill      XL: |  1  2  3  4  5  6  7  8  9 10 11 12 13 14 15 16 17 18 19 20 |
---------------+-------------------------------------------------------------+-----
Ranged Weapons | 4 5 6 7 8 9 11 12 14 15 16 | 16.0
Dodging        | 2 3 4 5 6 8 9 10 12 13 14 15 16 17 | 17.9
Armour         | 1 2 3 5 8 9 11 12 13 14 | 14.5
Fighting       | 3 4 6 7 8 10 11 13 14 15 16 17 18 19 | 19.4
Invocations    | 2 5 7 8 |  8.0
Stealth        | |  0.7

Action                     |  1- 3 |  4- 6 |  7- 9 | 10-12 | 13-15 | 16-18 | 19-21 || total
---------------------------+-------+-------+-------+-------+-------+-------+-------++-------
   Fire: Orcbow            |    73 |   123 |   361 |   710 |  1367 |  1605 |   725 ||  4964
 Invoke: Ancestor Identity |       |       |       |     1 |       |       |       ||     1
         Recall Ancestor   |       |       |       |     3 |     8 |     8 |     4 ||    23
         Ancestor Life: Kn |       |       |       |     1 |       |       |       ||     1
         Idealise          |       |       |       |       |     2 |    13 |     6 ||    21
Ability: Invent Gizmo      |       |       |       |       |     1 |       |       ||     1
    Use: Scroll            |     2 |     4 |    13 |    13 |     4 |     6 |     7 ||    49
         Potion            |       |       |       |     1 |     1 |       |     1 ||     3
 Armour: Leather armour    |    14 |     6 |       |       |       |       |       ||    20
         Ring mail         |       |    40 |   187 |     4 |       |       |       ||   231
         Acid dragon scale |       |       |       |   127 |   287 |   431 |    69 ||   914
         Fire dragon scale |       |       |       |       |       |       |    13 ||    13
  Dodge: Dodged            |    21 |    25 |   134 |   159 |   449 |   484 |    90 ||  1362
         Repelled          |       |       |       |       |    20 |    63 |    55 ||   138

Table legend: (Time is in decaauts)
 A = Elapsed time spent in this place.
 B = Non-inter-level travel time spent in this place.
 C = Inter-level travel time spent in this place.
 D = Time resting spent in this place.
 E = Time spent auto-exploring this place.
 F = Levels seen in this place.
 G = Mean time per level.
                   A        B        C        D        E       F      G
               +--------+--------+--------+--------+--------+-----+--------+
         Total |  38854 |  36548 |   2306 |   8568 |  21265 |  38 | 1022.5 |
       Dungeon |  14414 |  13577 |    837 |   2343 |   8973 |  15 |  960.9 |
        Temple |     32 |      2 |     30 |      0 |      0 |   1 |   32.0 |
          Lair |   6182 |   5663 |    519 |    998 |   3554 |   5 | 1236.4 |
         Swamp |   3820 |   3633 |    187 |   1152 |   1765 |   4 |  955.0 |
     Snake Pit |   5766 |   5481 |    285 |   1377 |   3241 |   4 | 1441.5 |
  Orcish Mines |   2023 |   1813 |    210 |    881 |    646 |   2 | 1011.5 |
   Elven Halls |   4852 |   4617 |    235 |   1471 |   2254 |   3 | 1617.3 |
        Vaults |    306 |    306 |      0 |      8 |    208 |   1 |  306.0 |
       Ossuary |    704 |    704 |      0 |    248 |    231 |   1 |  704.0 |
        Bailey |    290 |    290 |      0 |      3 |    148 |   1 |  290.0 |
      Gauntlet |    460 |    460 |      0 |     85 |    244 |   1 |  460.0 |
               +--------+--------+--------+--------+--------+-----+--------+

Top non-repeatable levels by time:
   Elf:3: 2304 daAuts
 Snake:1: 2201 daAuts
     D:9: 2025 daAuts
  Lair:5: 1670 daAuts
  Lair:3: 1612 daAuts
   Elf:2: 1487 daAuts
     D:6: 1342 daAuts
 Snake:2: 1339 daAuts
 Swamp:3: 1279 daAuts
  Lair:4: 1220 daAuts
    D:12: 1199 daAuts
    D:14: 1189 daAuts
 Snake:3: 1156 daAuts
   Orc:1: 1139 daAuts
    D:10: 1075 daAuts
